 Dungeon Crawl Stone Soup version 0.27-a0-972-gd1521fd518 (webtiles) character file.

Game seed: 4931327854959761393

1942 tardwrangler69 the Geomancer (level 8, -11/57 HPs)
             Began as a Pale Draconian Earth Elementalist on Apr 13, 2021.
             Mangled by a two-headed ogre
             ... wielding a +0 giant spiked club
              (16 damage)
             ... on level 5 of the Dungeon.
             The game lasted 00:06:15 (6872 turns).

tardwrangler69 the Geomancer (DrEE)                 Turns: 6872, Time: 00:06:16

Health: -11/57     AC:  6    Str: 11    XL:     8   Next: 98%
Magic:  13/16      EV: 12    Int: 18    God:
Gold:   229        SH:  0    Dex: 11    Spells: 6/17 levels left

rFire    + . .     SeeInvis .   c - +0 dagger (vamp)
rCold    + . .     Faith    .   (no shield)
rNeg     . . .     Spirit   .   (armour unavailable)
rPois    .         Reflect  .   (helmet restricted)
rElec    .         Harm     .   l - scarf {rC+ rF+}
rCorr    .         Rampage  .   (no gloves)
Will     .....                  (no boots)
Stlth    ++........             (no amulet)
HPRegen  0.19/turn              (no ring)
MPRegen  0.15/turn              (no ring)

@: no status effects
A: breathe steam, AC +6, unfitting armour, cold-blooded, steam resistance
a: Breathe Steam


You were on level 5 of the Dungeon.
You visited 2 branches of the dungeon, and saw 6 of its levels.

You collected 229 gold pieces.

Inventory:

Hand Weapons
 c - a +0 vampiric dagger (weapon)
Armour
 j - a +1 cloak
 l - a scarf of resistance (worn)
Jewellery
 a - a +6 ring of intelligence
 k - a ring of protection from fire
Scrolls
 e - a scroll of fear
Potions
 b - a potion of degeneration {unknown}
 d - 2 potions of curing
 h - a potion of flight {unknown}
 m - a potion of might
 p - 2 potions of cancellation


   Skills:
 - Level 1.7 Dodging
 - Level 1.7 Stealth
 - Level 5.3 Spellcasting
 + Level 4.4 Conjurations
 - Level 1.0 Transmutations
 + Level 9.7 Earth Magic


You had 6 spell levels left.
You knew the following spells:

 Your Spells              Type           Power      Damage    Failure   Level
a - Sandblast             Erth           78%        2d17      1%          1
b - Stone Arrow           Conj/Erth      60%        3d10      1%          3
c - Passwall              Tmut/Erth      20%        N/A       2%          2
d - Lee's Rapid Deconstr  Erth           19%        3d12*     7%          5

Your spell library contained the following spells:

 Spells                   Type           Power      Damage    Failure   Level
 Beastly Appendage        Tmut           16%        N/A       9%          1
 Wereblood                Tmut           8%         N/A       13%         2
 Petrify                  Tmut/Erth      24%        N/A       14%         4
 Spider Form              Tmut/Pois      3%         N/A       30%         3
 Ice Form                 Ice/Tmut       6%         N/A       71%         4
 Hydra Form               Tmut           4%         N/A       93%         5


Dungeon Overview and Level Annotations

Branches:
Dungeon (5/15)             Temple (1/1) D:4

Altars:
Ashenzari
Cheibriados
Dithmenos
Elyvilon
Fedhas
Kikubaaqudgha
Makhleb
Nemelex Xobeh
Okawaru
Ru
Sif Muna
Trog
Uskayaw
Wu Jian
Xom
Yredelemnul
Zin
The Shining One
Beogh

Shops:
D:5 *

Annotations:
D:5 7 runed translucent doors, HendSelp's ghost, novice MfGl


Innate Abilities, Weirdness & Mutations

You can breathe blasts of scalding, opaque steam.
Your pale cyan-grey scales are hard. (AC +6)
You cannot fit into any form of body armour.
You are cold-blooded and may be slowed by cold attacks.
You are immune to the effects of steam.


Message History

The wyvern skeleton is almost destroyed.
The wyvern skeleton bites you but does no damage.
Casting: Stone Arrow (dangerous; 2% risk of failure)
Confirm with . or Enter, or press ? or * to list all spells.
Aiming: Stone Arrow (dangerous; 2% risk of failure)
Press: ? - help, Shift-Dir - straight line, f/p - wyvern skeleton
Aim: a wyvern skeleton (almost destroyed, 2% to evade)
The stone arrow hits the wyvern skeleton!
You destroy the wyvern skeleton!
Key pressed, stopping explore.
An orc comes into view. It is wielding a +0 dagger.
The orc shouts!
You hear two shouts!
An orc is nearby!
An orc is nearby!
An orc is nearby!
A two-headed ogre comes into view.
It is wielding a +0 giant spiked club and a +0 giant club.
The two-headed ogre shouts in stereo!
Found a scroll of identify and a paperback book.
You closely miss the orc. The orc hits you but does no damage.
You barely miss the two-headed ogre.
The two-headed ogre hits you with a +0 giant spiked club!
The two-headed ogre hits you with a +0 giant club!
The orc hits you but does no damage.
You hit the two-headed ogre but do no damage.
The two-headed ogre hits you with a +0 giant spiked club!!
* * * LOW HITPOINT WARNING * * *
The two-headed ogre hits you with a +0 giant club.
* * * LOW HITPOINT WARNING * * *
The orc barely misses you.
You are too injured to fight recklessly!
Casting: Stone Arrow (safe; 1% risk of failure)
Confirm with . or Enter, or press ? or * to list all spells.
Aiming: Stone Arrow (safe; 1% risk of failure)
Press: ? - help, Shift-Dir - straight line, f - two-headed ogre
Aim: a two-headed ogre, wielding a +0 giant spiked club and a +0 giant club (12% to evade)
The stone arrow hits the two-headed ogre!!
The two-headed ogre is moderately wounded.
The two-headed ogre completely misses you.
The two-headed ogre hits you with a +0 giant club!
You die...

#...##.# #.##.#...#.#
#...##.####.##.#.##..######
###.........##.#......[....
###...###.######.#.##........
#.....###.##...........######
#............#####.#...# #...
#.....#..#.........#...# #.##
#....>##...######..#.#.###.##
#.....##..##@...##.....).....
########..#O####)#.###...####
#..#o..#.##........##
#..#.#.##.'.##++##..#
#..#.##.#####8Z.8##.#
#..##?*.:# #8....8#.#
#...*#**## #$....)#.##
##..****** #=....(#...
*,**,,,,* #8....8#..#


You could see a two-headed ogre and an orc.

Vanquished Creatures
  A two-headed ogre (D:5)
  Grinder (D:3)
  A sky beast (D:3)
  A black bear (D:5)
  4 ogres
  A kobold brigand (D:2)
  A bullfrog (D:4)
  A scorpion (D:4)
  A wyvern skeleton (D:5)
  A water moccasin skeleton (D:4)
  A jelly (D:4)
  2 hounds
  A bullfrog skeleton (D:5)
  An iguana (D:5)
  An orc wizard (D:4)
  A howler monkey skeleton (D:5)
  5 adders
  2 adder skeletons (D:5)
  A dart slug (D:1)
  A worm (D:2)
  15 orcs
  5 ball pythons
  11 endoplasms
  2 giant cockroaches
  5 goblins
  6 hobgoblins
  9 jackals
  4 quokkas
  6 bats
  2 frilled lizards (D:3)
  6 kobolds
  3 rats
103 creatures vanquished.

Notes
Turn   | Place    | Note
-------+----------+-------------------------------------------
     0 | D:1      | tardwrangler69 the Draconian Earth Elementalist began the
                  | quest for the Orb.
     0 | D:1      | Reached XP level 1. HP: 14/14 MP: 3/3
   735 | D:1      | Reached XP level 2. HP: 20/20 MP: 5/5
  1466 | D:2      | Noticed a kobold brigand
  1471 | D:2      | Killed a kobold brigand
  1472 | D:2      | Reached skill level 4 in Earth Magic
  1472 | D:2      | Reached XP level 3. HP: 26/26 MP: 2/7
  1472 | D:2      | Reached XP level 4. HP: 33/33 MP: 2/8
  2503 | D:3      | Reached skill level 5 in Earth Magic
  2790 | D:3      | Found a faded altar of an unknown god.
  2839 | D:3      | Reached XP level 5. HP: 16/38 MP: 7/9
  3315 | D:3      | Noticed Grinder
  3350 | D:3      | Paralysed by Grinder for 5 turns
  3361 | D:3      | Killed Grinder
  3362 | D:3      | Reached skill level 6 in Earth Magic
  3362 | D:3      | Reached XP level 6. HP: 6/45 MP: 0/11
  3677 | D:3      | Noticed a sky beast
  3699 | D:3      | Killed a sky beast
  4111 | D:4      | Found a basalt altar of Yredelemnul.
  4174 | D:4      | Your scales start taking on a pale cyan-grey colour.
  4174 | D:4      | Reached XP level 7. HP: 38/50 MP: 9/13
  4174 | D:4      | Gained mutation: You are immune to the effects of steam.
                  | [Pale Draconian growth]
  4309 | D:4      | Reached skill level 7 in Earth Magic
  4504 | D:4      | Reached skill level 5 in Spellcasting
  4659 | D:4      | Found a shadowy altar of Dithmenos.
  4680 | D:4      | Found a staircase to the Ecumenical Temple.
  4741 | Temple   | Entered the Ecumenical Temple
  4912 | D:4      | Reached skill level 8 in Earth Magic
  5313 | D:5      | Entered Level 5 of the Dungeon
  5313 | D:5      | Found a runed translucent gate.
  5313 | D:5      | Found a runed translucent gate.
  5313 | D:5      | Found a runed translucent gate.
  5313 | D:5      | Noticed HendSelp's ghost (novice MfGl)
  5313 | D:5      | Identified the +1 chain mail "Keiph" {Harm rN+ Str+3
                  | Slay-2}
  5370 | D:5      | Reached XP level 8. HP: 40/57 MP: 12/15
  5753 | D:4      | Learned a level 3 spell: Stone Arrow
  5756 | D:4      | Learned a level 2 spell: Passwall
  5762 | D:4      | Learned a level 5 spell: Lee's Rapid Deconstruction
  5804 | D:5      | Found a blossoming altar of Fedhas.
  5847 | D:5      | Found Qiyc's Assorted Antiques.
  5995 | D:5      | Found the +7 mace of Variability {chain chaos}
  5997 | D:5      | Found a large runed translucent door.
  5999 | D:5      | Found a large runed translucent door.
  6001 | D:5      | Found a large runed translucent door.
  6001 | D:5      | Found a large runed translucent door.
  6034 | D:5      | Noticed a two-headed ogre
  6153 | D:5      | Killed a two-headed ogre
  6154 | D:5      | Reached skill level 9 in Earth Magic
  6867 | D:5      | Noticed a two-headed ogre
  6872 | D:5      | Mangled by a two-headed ogre

Illustrated notes

Levels and vault maps discovered:
D:1:      dpeg_arrival_simpleton_c, layout_basic
D:2:      layout_rooms
D:3:      layout_rooms, hellmonk_ecumenical_altar_crossroads, uniq_grinder
D:4:      layout_rooms, kennysheep_little_box, lemuel_round_altar,
          minmay_temple_entry_mist
D:5:      layout_basic, old_standard_altar, serial_shops, shop,
          biasface_ghost_orc_armoury, eino_tiny_chamber,
          minmay_hollow_rounded_squares
Temple:   regret_index_temple_waves

Skill      XL: |  1  2  3  4  5  6  7  8 |
---------------+-------------------------+-----
Earth Magic    | 4 5 6 8 9 |  9.7
Spellcasting   | 3 4 5 |  5.3
Conjurations   | 4 |  4.4
Dodging        | |  1.7
Stealth        | |  1.7
Transmutations | |  1.0

Action                   |  1- 3 |  4- 6 |  7- 9 || total
-------------------------+-------+-------+-------++-------
Melee: Unarmed           |    34 |       |       ||    34
       Short sword       |    15 |       |       ||    15
       Tailslap          |    17 |    10 |    19 ||    46
       Dagger            |    59 |   156 |   193 ||   408
 Cast: Sandblast         |     8 |    50 |    37 ||    95
       Stone Arrow       |       |       |    16 ||    16
  Use: Scroll            |       |       |     8 ||     8
 Stab: Sleeping          |     4 |     1 |       ||     5
Armor: Skin              |    29 |    43 |   113 ||   185
Dodge: Dodged            |    74 |   127 |   197 ||   398

Table legend: (Time is in decaauts)
 A = Elapsed time spent in this place.
 B = Non-inter-level travel time spent in this place.
 C = Inter-level travel time spent in this place.
 D = Time resting spent in this place.
 E = Time spent auto-exploring this place.
 F = Levels seen in this place.
 G = Mean time per level.
                   A        B        C        D        E       F      G
               +--------+--------+--------+--------+--------+-----+--------+
         Total |   6882 |   6723 |    159 |    154 |   5569 |   6 | 1147.0 |
       Dungeon |   6750 |   6608 |    142 |    154 |   5454 |   5 | 1350.0 |
        Temple |    131 |    115 |     16 |      0 |    115 |   1 |  131.0 |
               +--------+--------+--------+--------+--------+-----+--------+

Top non-repeatable levels by time:
     D:3: 1774 daAuts
     D:4: 1592 daAuts
     D:1: 1187 daAuts
     D:5: 1177 daAuts
     D:2: 1019 daAuts
  Temple: 131 daAuts
